 Dungeon Crawl Stone Soup version 0.26.1-16-g4e020e15dc (webtiles) character file.

Game seed: 10739016905394044114

12058 Froggeryz the Basher (level 11, -4/120 HPs)
             Began as an Octopode Berserker on Mar 4, 2023.
             Was a High Priest of Trog.
             Slain by a troll (9 damage)
             ... on level 9 of the Dungeon on Mar 6, 2023.
             The game lasted 00:17:13 (17556 turns).

Froggeryz the Basher (Octopode Berserker)          Turns: 17556, Time: 00:17:14

Health: -4/120     AC:  1    Str: 16    XL:     11   Next: 87%
Magic:  20/20      EV: 17    Int:  8    God:    Trog [*****.]
Gold:   234        SH:  8    Dex: 15    Spells: 10/10 levels left

rFire    . . .     SeeInvis .   y - +2 flail (holy)
rCold    . . .     Faith    .   B - +3 buckler
rNeg     . . .     Spirit   .   (helmet restricted)
rPois    +         Reflect  .   (no amulet)
rElec    .         Harm     .   v - ring of magical power
rCorr    .         Rampage  .   G - ring "Xuhun" {+Fly rPois Will++ Int-2}
Will     ++...                  (no ring)
Stlth    ..........             (no ring)
HPRegen  0.30/turn              (no ring)
MPRegen  0.17/turn              (no ring)
                                (no ring)
                                (no ring)

@: berserking, very quick
A: almost no armour, stealthy swim, amphibious, 8 rings, constrict 8, camouflage
1, gelatinous body 1
a: Renounce Religion, Evoke Flight, Berserk, Trog's Hand, Brothers in Arms


You were on level 9 of the Dungeon.
You worshipped Trog.
Trog was extremely pleased with you.
You visited 1 branch of the dungeon, and saw 10 of its levels.
You also visited: Sewer, Ossuary and Bailey.

You collected 716 gold pieces.
You spent 482 gold pieces at shops.

Inventory:

Hand Weapons
 o - a +1 short sword of venom
 r - the cursed +2 rapier of Risk Management {vorpal, rElec rC++ Will+ Str-3}
   (You found it on level 5 of the Dungeon)

   It inflicts extra damage upon your enemies.
   It affects your strength (-3).
   It greatly protects you from cold.
   It insulates you from electricity.
   It affects your willpower, your defense against some magical effects.
   It has a curse placed upon it.
 y - a +2 flail of holy wrath (weapon)
 F - the +8 eveningstar of Slow Death {flame, SInv}
   (Trog gifted it to you in a bailey)

   It has been specially enchanted to burn those struck by it, causing extra
   injury to most foes and up to half again as much damage against particularly
   susceptible opponents.
   It lets you see invisible.
Missiles
 e - 64 poisoned darts (quivered)
 p - 25 boomerangs
 I - 8 silver javelins
Armour
 B - a +3 buckler (worn)
Jewellery
 v - a ring of magical power (left tentacle)
 G - the ring "Xuhun" (right tentacle) {+Fly rPois Will++ Int-2}
   (You bought it in a shop on level 5 of the Dungeon)

   [ring of poison resistance]

   It affects your intelligence (-2).
   It protects you from poison.
   It affects your willpower, your defense against some magical effects.
   It lets you fly.
Wands
 l - a wand of disintegration (10)
 t - a wand of iceblast (6)
 A - a wand of polymorph (8)
Scrolls
 b - 3 scrolls of magic mapping
 c - a scroll of acquirement {unknown}
 i - 4 scrolls of blinking
 j - 6 scrolls of teleportation
 n - a scroll of immolation
 q - 6 scrolls of remove curse
 x - 2 scrolls of enchant weapon
 z - 3 scrolls of holy word
 C - 2 scrolls of noise
 H - a scroll of fear
 J - a scroll of identify
 K - a scroll of vulnerability {unknown}
Potions
 a - 3 potions of lignification {unknown}
 d - 12 potions of curing
 f - a potion of brilliance {unknown}
 g - a potion of invisibility {unknown}
 h - 5 potions of resistance {unknown}
 k - 6 potions of flight {unknown}
 m - 2 potions of haste {unknown}
 s - 4 potions of heal wounds
 u - 4 potions of degeneration {unknown}
 w - 4 potions of mutation {unknown}
 D - 2 potions of ambrosia {unknown}
 E - a potion of might


   Skills:
 + Level 9.2 Fighting
 * Level 12.2 Maces & Flails
 - Level 6.0 Throwing
 - Level 7.0 Dodging
 - Level 6.7 Stealth
 - Level 5.0 Shields


You had 10 spell levels left.
You didn't know any spells.
Your spell library was empty.

Dungeon Overview and Level Annotations

Branches:
Dungeon (10/15)            Temple (0/1) D:7            Lair (0/6) D:10
  Sewer (visited)         Ossuary (visited)          Bailey (visited)
    Orc: D:9-12

Altars:
Cheibriados
Dithmenos
Elyvilon
Makhleb
Nemelex Xobeh
Okawaru
Ru
Sif Muna
Trog
Uskayaw
Vehumet
Xom
Yredelemnul
The Shining One

Shops:
D:5 (=!   D:6 (


Innate Abilities, Weirdness & Mutations

You cannot wear most types of armour.
You are very stealthy in the water. (Stealth+)
You are amphibious.
You can wear up to eight rings at the same time.
You can use your tentacles to constrict eight enemies at once.
Your skin changes colour to match your surroundings (Stealth+).
Your rubbery body absorbs attacks. (AC +1, EV +1)


Message History

You feel yourself moving faster!
You feel mighty!
You barely miss the troll. You squeeze the troll.
The troll is lightly wounded.
The troll bites you!!
* * * LOW HITPOINT WARNING * * *
You block the troll's attack. x2
You hit the troll. You squeeze the troll!!
The troll is severely wounded.
You hit the troll.
The troll is severely wounded.
The troll bites you!
* * * LOW HITPOINT WARNING * * *
You block the troll's attack. The troll claws you.
* * * LOW HITPOINT WARNING * * *
You hit the troll. Your squeeze misses the troll.
The troll is almost dead.
You block the yak's attack. The troll bites you!
* * * LOW HITPOINT WARNING * * *
You block the troll's attack. The troll claws you!
You die...

##..##'##..#....#####..###.##.
##..##≈.≈##..#...........##.##.
##..##≈≈.≈≈##..............##.#.
##..##≈≈...≈≈##.......#.....###..
#...##≈.....≈##.....#..#.........
##.##8_.)_.._8##....÷###....##...
#.######8######......>..#######(
#.# #.#####.# #TY...)...# #.
#.###..# #..###@#.......## #.
#..##..###..##..##.......# #.
##..##..#..##..####......### #.
##...........## ##...#...####. ##
#####...####.### ##...##...#..
.### #...# ##..## #...###.....
...## #...## ##..####...##.....
....####....## ##....###.........
###.)#..###..# #......###......##


You could see a yak and a troll.

Vanquished Creatures
  An orc warlord (Bailey)
  A hydra (D:9)
  3 two-headed ogres
  Maggie (D:6)
  A komodo dragon (D:9)
  Prince Ribbit (D:6)
  Sigmund (D:3)
  13 yaks
  Edmund (D:4)
  Menkaure (D:4)
  2 ogres
  A black bear (D:7)
  11 orc warriors
  6 ice beasts
  A sky beast (D:5)
  A necrophage (D:9)
  3 centaurs
  A big kobold (Sewer)
  Blork the orc (D:6)
  2 bullfrogs
  A gnoll sergeant (D:7)
  A water moccasin zombie (D:9)
  A scorpion (D:9)
  3 killer bees (D:8)
  7 wights (D:8)
  An electric eel (D:9)
  6 howler monkeys
  A crimson imp (D:7)
  3 centaur zombies (Ossuary)
  5 hounds
  A gnoll shaman (D:4)
  2 human zombies (Ossuary)
  11 orc priests
  A centaur skeleton (D:4)
  2 jellies
  Crazy Yiuf (D:3)
  2 bullfrog skeletons
  2 iguanas
  7 orc wizards
  10 worker ants
  A statue (D:8)
  A big kobold zombie (Ossuary)
  A hound zombie (D:5)
  A hound skeleton (D:9)
  2 mummies (Ossuary)
  A worker ant zombie (D:7)
  Robin (D:3)
  23 gnolls
  6 adders
  2 river rats (Sewer)
  2 shadow imps (D:5)
  A white imp (D:9)
  2 ufetubi (D:7)
  An ooze (D:4)
  2 adder zombies
  3 worms
  4 dart slugs
  3 leopard geckos
  47 orcs
  9 giant cockroaches
  2 gnoll zombies (Ossuary)
  38 goblins
  29 hobgoblins
  16 jackals
  2 quokkas
  3 ball pythons
  8 bats
  5 frilled lizards
  13 kobolds
  12 rats
  A spectral orc (D:9)
363 creatures vanquished.

Vanquished Creatures (others)
  23 plants (D:10)
  4 toadstools (D:1)
27 creatures vanquished.

Grand Total: 390 creatures vanquished

Notes
Turn   | Place    | Note
-------+----------+-------------------------------------------
     0 | D:1      | Froggeryz the Octopode Berserker began the quest for the
                  | Orb.
     0 | D:1      | Reached XP level 1. HP: 16/16 MP: 1/1
   175 | D:1      | Reached XP level 2. HP: 21/21 MP: 2/2
   195 | D:1      | Reached skill level 1 in Stealth
   753 | D:1      | Reached ** piety under Trog
   757 | D:1      | Reached XP level 3. HP: 26/26 MP: 3/3
  1687 | D:2      | Reached skill level 4 in Maces & Flails
  1709 | D:2      | Reached XP level 4. HP: 28/31 MP: 4/4
  1869 | D:2      | Found a shadowy altar of Dithmenos.
  2215 | D:2      | Found a faded altar of an unknown god.
  2219 | D:2      | Reached XP level 5. HP: 33/37 MP: 5/5
  2460 | D:2      | You fall into a shaft and drop 1 floor!
  2460 | D:3      | Found a hide-covered altar of Uskayaw.
  2461 | D:3      | Noticed a +0 dagger
  2461 | D:3      | Noticed a +0 hand axe
  2649 | D:3      | Reached *** piety under Trog
  2746 | D:3      | Found a runed translucent door.
  2747 | D:3      | Noticed Crazy Yiuf
  2824 | D:3      | Noticed Sigmund
  2836 | D:3      | Killed Sigmund
  2837 | D:3      | Reached skill level 5 in Maces & Flails
  2837 | D:3      | Reached XP level 6. HP: 21/44 MP: 6/6
  3030 | D:3      | Found a white marble altar of Elyvilon.
  3287 | D:3      | Noticed Robin
  3307 | D:3      | Killed Robin
  3607 | D:3      | Killed Crazy Yiuf
  3650 | D:4      | Reached XP level 7. HP: 38/49 MP: 7/7
  3687 | D:4      | Found a glowing drain.
  3696 | Sewer    | Entered a sewer
  3839 | Sewer    | Reached skill level 6 in Maces & Flails
  3839 | Sewer    | Reached skill level 5 in Stealth
  3862 | Sewer    | HP: 2/49 [poisoned by a big kobold]
  3867 | Sewer    | HP: 1/49 [poisoned by a big kobold]
  4177 | Sewer    | Found a glowing silver altar of Zin.
  4471 | D:4      | Noticed Menkaure
  4478 | D:4      | Killed Menkaure
  4479 | D:4      | Reached skill level 5 in Fighting
  5305 | D:4      | Noticed Edmund
  5313 | D:4      | Killed Edmund
  5314 | D:4      | Reached XP level 8. HP: 55/55 MP: 8/8
  5568 | D:4      | Reached skill level 7 in Maces & Flails
  5700 | D:4      | Found a sacrificial altar of Ru.
  5964 | D:5      | Entered Level 5 of the Dungeon
  5998 | D:5      | Reached **** piety under Trog
  6819 | D:5      | Reached skill level 8 in Maces & Flails
  7040 | D:5      | Got a glimmering rapier
  7048 | D:5      | Identified the cursed +2 rapier of Risk Management {vorpal,
                  | rElec rC++ Will+ Str-3} (You found it on level 5 of the
                  | Dungeon)
  7663 | D:5      | Found Ovviky's Distillery.
  7666 | D:5      | Bought a potion of heal wounds for 50 gold pieces
  7699 | D:5      | Reached XP level 9. HP: 60/62 MP: 9/9
  7758 | D:5      | Found Neconol's Jewellery Boutique.
  8331 | D:5      | Found Ruppisch's Antique Weapon Shoppe.
  8487 | D:6      | Noticed Maggie
  8495 | D:6      | Noticed Blork the orc
  8580 | D:6      | Killed Maggie
  8581 | D:6      | Reached skill level 9 in Maces & Flails
  8592 | D:6      | Killed Blork the orc
  8674 | D:6      | Found Inoeth's Weapon Shoppe.
  8688 | D:6      | Noticed Prince Ribbit
  8697 | D:6      | Killed Prince Ribbit
  9076 | D:7      | Reached skill level 5 in Dodging
  9320 | D:7      | Found a shimmering altar of Xom.
  9366 | D:7      | Reached ***** piety under Trog
  9601 | D:7      | Found a staircase to the Ecumenical Temple.
  9821 | D:7      | Found a shimmering blue altar of Sif Muna.
  9973 | D:7      | Reached skill level 10 in Maces & Flails
 10386 | D:7      | Reached skill level 1 in Shields
 10852 | D:7      | Reached XP level 10. HP: 71/71 MP: 10/10
 10913 | D:7      | Found a bloodstained altar of Trog.
 11057 | D:7      | Found a burning altar of Makhleb.
 11480 | D:8      | Found a glowing golden altar of the Shining One.
 11519 | D:8      | Found a sand-covered staircase.
 11536 | Ossuary  | Entered an ossuary
 11912 | D:8      | Found a radiant altar of Vehumet.
 12007 | D:8      | Noticed a two-headed ogre
 12015 | D:8      | HP: 5/106 [two-headed ogre/+0 giant spiked club (6)]
 12018 | D:8      | Killed a two-headed ogre
 12019 | D:8      | Reached skill level 5 in Shields
 12477 | D:8      | Reached skill level 1 in Throwing
 12745 | D:9      | Noticed a two-headed ogre
 12753 | D:9      | Killed a two-headed ogre
 12995 | D:9      | Found a flagged portal.
 13014 | Bailey   | Entered a bailey
 13739 | Bailey   | Reached ****** piety under Trog
 14054 | Bailey   | Noticed an orc warlord
 14059 | Bailey   | Received a gift from Trog
 14060 | Bailey   | Reached skill level 11 in Maces & Flails
 14060 | Bailey   | Reached XP level 11. HP: 77/77 MP: 11/11
 14089 | Bailey   | Killed an orc warlord
 14090 | Bailey   | Reached skill level 5 in Throwing
 14509 | Bailey   | Got a slimy eveningstar {god gift}
 14510 | Bailey   | Identified the +8 eveningstar of Slow Death {flame, SInv}
                  | (Trog gifted it to you in a bailey)
 14566 | D:9      | Noticed a two-headed ogre
 14712 | D:5      | Bought the ring "Xuhun" {+Fly rPois Will++ Int-2} for 432
                  | gold pieces
 14919 | D:9      | Killed a two-headed ogre
 15320 | D:9      | Found a snail-covered altar of Cheibriados.
 15320 | D:9      | Found a sparkling altar of Nemelex Xobeh.
 15321 | D:9      | Found an iron altar of Okawaru.
 15896 | D:9      | Found a basalt altar of Yredelemnul.
 15999 | D:9      | Noticed a four-headed hydra
 16006 | D:9      | Killed a four-headed hydra
 16290 | D:10     | Entered Level 10 of the Dungeon
 16662 | D:10     | Found a staircase to the Lair.
 16791 | D:9      | Reached skill level 12 in Maces & Flails
 17556 | D:9      | HP: 5/120 [troll (16)]
 17556 | D:9      | Slain by a troll

Illustrated notes

Levels and vault maps discovered:
D:1:      ldierk_water_garden, layout_loops_corners, serial_forest,
          infiniplex_forest_lined_room_2, infiniplex_forest_lined_2,
          infiniplex_forest_clump_large, infiniplex_forest_clump_small,
          infiniplex_forest_lined_corner, infiniplex_forest_straight_3,
          infiniplex_forest_corner_2, infiniplex_forest_end_2
D:2:      layout_basic, nicolae_dithmenos_through_a_glass_darkly,
          chequers_ecumenical_altar_simple_redux, kennysheep_generic_room_9
D:3:      wander_river, layout_loops_ring, dancing_weapons_uskayaw,
          elyvilon_altar_1, uniq_robin, uniq_sigmund, uniq_crazy_yiuf_cottage
D:4:      layout_cave_pods, nicolae_ru_awakened_eye,
          cheibrodos_sewer_entry_drain, uniq_menkaure, uniq_edmund
D:5:      kennysheep_windowed_halls, layout_loops_corners, serial_shops, shop,
          kennysheep_mini_moat, shop, shop, minmay_misc_feat_nine_boxes,
          cheibrodos_gnoll_hut, uniq_ijyb
D:6:      layout_rooms, serial_shops, nicolae_shop_behind_doors,
          minmay_misc_feat_tower, uniq_blork_the_orc, uniq_maggie,
          uniq_prince_ribbit1
D:7:      layout_basic, makhleb_grotto_becter, overflow_temple_1_default,
          general_overflow_altar, minmay_temple_entry_statues_pillars,
          basic_altar, st_stairs_9
D:8:      layout_basic, tso_metal_star, vehumet_statue,
          nicolae_ossuary_entry_false_entrances
D:9:      layout_layer_cave, yredelemnul_forgotten_temple_becter,
          gammafunk_temple_overflow_claw, enter_bailey_4, fountainhead,
          minmay_misc_feat_rugged, minmay_fractal_squares_5
D:10:     layout_basic, david_lair_shrubbed, serial_shops,
          nicolae_shop_competitors_out_of_business, fedhas_altar_decomposition

Skill      XL: |  1  2  3  4  5  6  7  8  9 10 11 |
---------------+----------------------------------+-----
Stealth        | 1 2 4 5 6 |  6.7
Maces & Flails | 4 5 6 8 10 11 12 | 12.2
Fighting       | 4 5 6 7 8 9 |  9.2
Dodging        | 5 6 7 |  7.0
Shields        | 2 5 |  5.0
Throwing       | 4 6 |  6.0

Action                   |  1- 3 |  4- 6 |  7- 9 | 10-12 || total
-------------------------+-------+-------+-------+-------++-------
Melee: Mace              |    25 |       |       |       ||    25
       Constrict         |    24 |    35 |    71 |    61 ||   191
       Tentacles         |    13 |    30 |    60 |    95 ||   198
       Whip              |    65 |    89 |    60 |       ||   214
       Flail             |       |       |   241 |   355 ||   596
Throw: Dart              |       |       |     1 |       ||     1
Invok: Berserk           |       |     2 |     6 |     9 ||    17
       Trog's Hand       |       |     1 |     1 |       ||     2
Evoke: Wand              |       |       |     2 |     5 ||     7
  Use: Scroll            |     1 |     1 |     8 |     7 ||    17
       Potion            |       |       |     1 |       ||     1
 Stab: Sleeping          |    11 |     9 |    15 |    27 ||    62
       Distracted        |       |       |     2 |       ||     2
Armor: Skin              |     5 |     1 |     3 |     2 ||    11
Dodge: Dodged            |    47 |    38 |   227 |   174 ||   486
Block: Buckler           |       |       |       |   112 ||   112
